 Dungeon Crawl Stone Soup version 0.23.2-40-g277498a001 (webtiles) character file.

Game seed: 13270854632868870409

228 MrTry the Shield-Bearer (level 6, -7/38 HPs)
             Began as a Gargoyle Fighter on Aug 21, 2019.
             Was a Follower of Dithmenos.
             Mangled by an ogre
             ... wielding a +0 giant spiked club
              (9 damage)
             ... on level 4 of the Dungeon.
             The game lasted 00:14:43 (2900 turns).

MrTry the Shield-Bearer (Gargoyle Fighter)          Turns: 2900, Time: 00:14:44

Health: -7/38      AC: 13    Str: 26    XL:     6   Next: 2%
Magic:  6/6        EV:  6    Int:  9    God:    Dithmenos [*.....]
Gold:   170        SH: 10    Dex:  9    Spells: 5/5 levels left

rFire    . . .     SeeInvis .   a - +0 flail
rCold    . . .     Gourm    .   c - +0 shield
rNeg     + . .     Faith    .   o - +0 chain mail
rPois    ∞         Spirit   .   (no helmet)
rElec    +         Reflect  .   (no cloak)
rCorr    .         Harm     .   (no gloves)
MR       .....                  (no boots)
Stlth    ..........             (no amulet)
HPRegen  0.12/turn              (no ring)
MPRegen  0.10/turn              (no ring)

@: mighty, very slightly contaminated, wreathed by umbra
A: negative energy resistance 1, electricity resistance, unbreathing,
petrification resistance, rot immunity, AC +4
a: Renounce Religion


You were on level 4 of the Dungeon.
You worshipped Dithmenos.
Dithmenos was aware of your devotion.
You were not hungry.

You visited 1 branch of the dungeon, and saw 4 of its levels.

You collected 170 gold pieces.

Inventory:

Hand Weapons
 a - a +0 flail (weapon)
 b - a +0 hunting sling
Missiles
 i - 30 stones (quivered)
 j - 10 poisoned needles
 k - 18 bolts
Armour
 c - a +0 shield (worn)
 g - a +0 scale mail of magic resistance
 o - a +0 chain mail (worn)
Scrolls
 h - 2 scrolls of identify
 m - a scroll of remove curse
 n - a scroll of fog {unknown}
 r - a scroll of teleportation {unknown}


   Skills:
 + Level 3.8 Fighting
 + Level 4.0 Maces & Flails
 + Level 3.7 Armour
 + Level 1.4 Dodging
 + Level 0.4 Stealth
 + Level 4.5 Shields


You had 5 spell levels left.
You didn't know any spells.
Your spell library was empty.

Dungeon Overview and Level Annotations

Branches:
Dungeon (4/15)             Temple (0/1) D:4

Altars:
Dithmenos


Innate Abilities, Weirdness & Mutations

You are resistant to torment.
Your stone body is resilient. (AC +4)
You are immune to poison.
You resist negative energy. (rN+)
You are resistant to electric shocks. (rElec)
You can survive without breathing.
You are immune to petrification.
You are immune to rotting.


Message History

Your experience leads to an increase in your attributes!
Your base attributes are Str 20, Int 9, Dex 9.
Increase (S)trength, (I)ntelligence, or (D)exterity?
You feel stronger.
The leopard gecko bites you but does no damage.
You block the giant cockroach's attack.
Your chain mail prevents you from hitting the leopard gecko.
The leopard gecko bites you.
* * * LOW HITPOINT WARNING * * *
You block the giant cockroach's attack.
The leopard gecko bites you but does no damage.
You sock the leopard gecko!
You kill the leopard gecko!
Dithmenos accepts your kill. The giant cockroach barely misses you.
You block the giant cockroach's attack.
You sock the giant cockroach!
You kill the giant cockroach!
Dithmenos accepts your kill.
The ogre hits you with a +0 giant spiked club!
You die...

..##'##........
..##...w.......# ##..
..#####....⌠...# #....
#.....#o##.....# #.....
..#............#. ......
..#......o...#..##......
..#...........wo........
..#.........).#O#.......
..#.......o.l#.#@#
..#........o#.#)#.#
#.#####...o..#.>.#.. ..#
#.....#.#.#.#.# ###
#......#.#.#..#
#.......#.#...#
#.............#
####....####### ######


You could see an ogre, a worm and an orc.

Vanquished Creatures
  2 orc priests (D:4)
  A worker ant (D:4)
  A hound skeleton (D:2)
  3 adders
  An adder zombie (D:3)
  3 worms
  3 dart slugs
  2 leopard geckos (D:4)
  10 orcs
  2 ball pythons
  3 bats
  4 giant cockroaches
  10 goblins
  3 hobgoblins
  10 jackals
  3 quokkas
  4 frilled lizards
  8 kobolds
  5 rats
78 creatures vanquished.

Notes
Turn   | Place    | Note
-------+----------+-------------------------------------------
     0 | D:1      | MrTry the Gargoyle Fighter began the quest for the Orb.
     0 | D:1      | Reached XP level 1. HP: 14/14 MP: 1/1
   146 | D:1      | Reached XP level 2. HP: 15/19 MP: 2/2
   306 | D:1      | Reached XP level 3. HP: 18/24 MP: 3/3
  1184 | D:2      | Found a shadowy altar of Dithmenos.
  1193 | D:2      | Became a worshipper of Dithmenos the Shadowed
  1214 | D:2      | Reached XP level 4. HP: 29/29 MP: 4/4
  2494 | D:3      | Reached skill level 1 in Dodging
  2565 | D:3      | Reached XP level 5. HP: 27/33 MP: 5/5
  2722 | D:4      | Noticed an ogre
  2833 | D:4      | Found a staircase to the Ecumenical Temple.
  2845 | D:4      | Noticed an ogre
  2880 | D:4      | Reached * piety under Dithmenos
  2891 | D:4      | HP: 1/33 [leopard gecko (2)]
  2897 | D:4      | Reached XP level 6. HP: 3/38 MP: 6/6
  2900 | D:4      | Mangled by an ogre

Skill      XL: |  1  2  3  4  5 |
---------------+----------------+-----
Maces & Flails | 3 4 |  4.0
Shields        | 4 |  4.5
Dodging        | 1 |  1.4
Fighting       | |  3.8
Armour         | |  3.7
Stealth        | |  0.4

Action                   |  1- 3 |  4- 6 || total
-------------------------+-------+-------++-------
Melee: Flail             |   142 |   141 ||   283
Throw: Stone             |       |     1 ||     1
  Use: Scroll            |     3 |     1 ||     4
       Potion            |     1 |     5 ||     6
 Stab: Invisible         |       |     1 ||     1
  Eat: Ration            |     1 |     1 ||     2
Armor: Scale mail        |    85 |    46 ||   131
       Chain mail        |       |    40 ||    40
       Skin              |       |    23 ||    23
Dodge: Dodged            |    37 |    63 ||   100
Block: Shield            |    81 |   119 ||   200
